 Dungeon Crawl Stone Soup version 0.22-a0-825-ga28c36f (webtiles) character file.

11 BaronVonScrub the Sneak (level 2, 0/15 HPs)
             Began as a Spriggan Assassin on July 24, 2018.
             Slain by an ooze (4 damage)
             ... on level 1 of the Dungeon.
             The game lasted 00:00:22 (54 turns).

BaronVonScrub the Sneak (Spriggan Assassin)           Turns: 54, Time: 00:00:22

Health: 0/15       AC:  3    Str:  7    XL:     2   Next: 13%
Magic:  3/3        EV: 17    Int: 12    God:
Gold:   9          SH:  0    Dex: 17    Spells: 1/1 levels left

rFire    . . .     SeeInvis +   a - +2 dagger
rCold    . . .     Gourm    .   (shield restricted)
rNeg     . . .     Faith    .   c - +0 robe
rPois    .         Spirit   .   (helmet restricted)
rElec    .         Reflect  .   d - +0 cloak
rCorr    .         Harm     .   (gloves unavailable)
MR       .....                  (boots unavailable)
Stlth    +++.......             (no amulet)
HPRegen  0.05/turn              (no ring)
MPRegen  0.08/turn              (no ring)

@: very quick
A: very small, unfitting armour, see invisible, herbivore, speed 3, slow
metabolism 2
a: no special abilities


You were on level 1 of the Dungeon.
You were not hungry.

You visited 1 branch of the dungeon, and saw 1 of its levels.

You collected 9 gold pieces.

Inventory:

Hand Weapons
 a - a +2 dagger (weapon)
 b - a +0 blowgun
Missiles
 e - 8 poisoned needles
 f - 2 curare-tipped needles
Armour
 c - a +0 robe (worn)
 d - a +0 cloak (worn)
Jewellery
 h - an uncursed amulet of rage {unknown}
Comestibles
 g - a ration


   Skills:
 + Level 1.8 Fighting
 + Level 2.3 Short Blades
 + Level 2.0 Throwing
 + Level 1.9 Dodging
 + Level 6.1 Stealth


You had one spell level left.
You didn't know any spells.
Your spell library was empty.

Dungeon Overview and Level Annotations

Branches:
Dungeon (1/15)

Altars:


Innate Abilities, Weirdness & Mutations

You are very small and have problems with some larger weapons.
You are too small for most types of armour.
You have supernaturally acute eyesight. (SInv)
You are a herbivore.
You cover ground extremely quickly.
You need to consume almost no food.


Message History

You hit the ooze.
You kill the ooze!
You have reached level 2!
You are too injured to fight recklessly!
You are too injured to fight recklessly!
You are too injured to fight recklessly!
You are too injured to fight recklessly!
You are too injured to fight recklessly!
You barely miss the ooze. The ooze completely misses you.
You completely miss the ooze. The ooze closely misses you.
You hit the ooze.
The ooze is heavily wounded.
The ooze closely misses you.
You completely miss the ooze.
The ooze is heavily wounded.
The jackal stops to sniff the ground.
You hit the ooze.
The ooze is almost dead.
The ooze hits you.
You die...

###############
#.....J.......#
#....hrJs.....
#..?hssJhw..
#######J#######
#.....@.†.....#
+⌠....###....⌠+
#......<.[....#
#..⌠...>...⌠.^#
...###'#######'###.#
....................#
.............########
........###.........
......... #..#######


You could see a worm, 4 oozes, 3 jackals, 3 giant cockroaches and a rat.

Vanquished Creatures
  An ooze (D:1)
  2 giant cockroaches (D:1)
  2 jackals (D:1)
  A rat (D:1)
6 creatures vanquished.

Notes
Turn   | Place    | Note
-------+----------+-------------------------------------------
     0 | D:1      | BaronVonScrub the Spriggan Assassin began the quest for the Orb.
     0 | D:1      | Reached XP level 1. HP: 10/10 MP: 2/2
     1 | D:1      | Found a runed door.
    40 | D:1      | Reached skill level 6 in Stealth
    49 | D:1      | Reached XP level 2. HP: 4/15 MP: 3/3
    54 | D:1      | Slain by an ooze

Vault maps used:
D:1:      dpeg_arrival_caged_fury

Skill      XL: |  1 |
---------------+----+-----
Stealth        | 6 |  6.1
Fighting       | |  1.8
Short Blades   | |  2.3
Throwing       | |  2.0
Dodging        | |  1.9

Action                   || total
-------------------------++-------
Melee: Dagger            ||    28
Armor: Robe              ||     5
Dodge: Dodged            ||    18

Table legend:
 A = Spawn XP
 B = Non-spawn XP
 C = Spawn XP percentage of total XP
 D = Spawn monster count
 E = Non-spawn monster count
 F = Spawn count percentage of total count
 G = Total turns spent on level
                    A         B        C        D         E        F      G
               +---------+---------+-------+---------+---------+-------+---------
         Total |       0 |      16 |   0.0 |       0 |       6 |   0.0 |    54
               +---------+---------+-------+---------+---------+-------+---------
           D:1 |       0 |      16 |   0.0 |       0 |       6 |   0.0 |    54
               +---------+---------+-------+---------+---------+-------+---------
